 Dungeon Crawl Stone Soup version 0.31-a0-986-g5e6e4ef867 (webtiles) character file.

Game seed: 12661305101261588968

6749 strifetoe the Thaumaturge (level 11, -7/75 HPs)
             Began as a Djinni Earth Elementalist on Nov 15, 2023.
             Was a Priest of Makhleb.
             Mangled by a komodo dragon (24 damage)
             ... on level 10 of the Dungeon on Nov 16, 2023.
             The game lasted 00:24:48 (11582 turns).

strifetoe the Thaumaturge (DjEE)                   Turns: 11582, Time: 00:24:49

Health: -7/75      AC:  3    Str: 13    XL:     11   Next: 24%
Gold:   624        EV: 14    Int: 28    God:    Makhleb [***...] SH:  0 Dex: 13

rFire   + + .        q - +2 trident (drain)
rCold   x . .        (no shield)
rNeg    . . .        a - +0 robe
rPois   ∞            (no helmet)
rElec   .            (no cloak)
rCorr   .            o - +0 pair of gloves
SInv    .            (boots unavailable)
Will    +....        (no amulet)
Stlth   ++           l - +6 ring of intelligence
HPRegen 0.32/turn    r - +6 ring of strength
MPRegen 0.00/turn

%: infuse magic (-8 HP)
@: flying
A: sickness immunity, fire resistance 2, cold vulnerability 1, float, innate
caster, HP casting, extra vitality 1
a: Renounce Religion, Minor Destruction, Lesser Servant of Makhleb


You were on level 10 of the Dungeon.
You worshipped Makhleb.
Makhleb was most pleased with you.
You visited 2 branches of the dungeon, and saw 11 of its levels.

You collected 624 gold pieces.

Inventory:

Hand Weapons
 q - a +2 trident of draining (weapon)
Missiles
 m - 3 throwing nets
Armour
 a - a +0 robe (worn)
 o - a +0 pair of gloves (worn)
Magical Staves
 x - a staff of poison
Jewellery
 l - a +6 ring of intelligence (left hand)
 r - a +6 ring of strength (right hand)
Wands
 b - a wand of flame (37)
 B - a wand of roots (6)
Scrolls
 n - 2 scrolls of poison
 p - 2 scrolls of immolation
 t - a scroll of blinking
 y - 3 scrolls of teleportation
 z - a scroll of silence
Potions
 c - a potion of might
 d - a potion of enlightenment
 e - 4 potions of curing
 f - 2 potions of ambrosia
 g - 6 potions of attraction
 h - 4 potions of haste
 i - a potion of mutation
 j - 2 potions of heal wounds
 k - 4 potions of lignification
 s - a potion of berserk rage
 u - 2 potions of cancellation
 v - a potion of brilliance


   Skills:
 - Level 5.0 Fighting
 - Level 5.0 Armour
 - Level 6.0 Dodging
 - Level 1.5 Stealth
 + Level 10.9 Spellcasting
 + Level 10.9 Conjurations
 + Level 10.9 Hexes
   Level 0.0 Charms
 + Level 10.9 Summonings
 + Level 10.9 Necromancy
 + Level 10.9 Translocations
 + Level 10.9 Transmutations
 + Level 10.9 Fire Magic
 + Level 10.9 Ice Magic
 + Level 10.9 Air Magic
 + Level 10.9 Earth Magic
 + Level 10.9 Poison Magic


You knew the following spells:

 Your Spells              Type           Power      Damage    Failure   Level
a - Sandblast             Erth           100%       2d20      1%          1
b - Passwall              Tmut/Erth      55%        N/A       1%          2
c - Stone Arrow           Conj/Erth      100%       3d13      1%          3
d - Petrify               Tmut/Erth      66%        N/A       1%          4
e - Brom's Barrelling Bo  Conj/Erth      66%        2d8       1%          4
f - Sting                 Tmut/Pois      100%       1d8       1%          1
g - Scorch                Fire           100%       2d9       1%          2
h - Poisonous Vapours     Pois/Air       100%       N/A       1%          2
i - Swiftness             Air            66%        N/A       1%          3
j - Summon Ice Beast      Ice/Summ       66%        N/A       1%          4
Your spell library was empty.

Dungeon Overview and Level Annotations

Branches:
Dungeon (10/15)            Temple (1/1) D:4
   Lair: D:8-11         Orc: D:9-12

Altars:
Ashenzari
Cheibriados
Dithmenos
Elyvilon
Fedhas
Gozag
Hepliaklqana
Makhleb
Nemelex Xobeh
Okawaru
Qazlal
Ru
Trog
Uskayaw
Wu Jian
Xom
Yredelemnul
Zin
The Shining One

Shops:
D:3 =   D:4 *   D:9 =:(

Annotations:
D:5 3 runed translucent doors, R007833r's ghost, novice GnSh
D:6 1 runed translucent door, pokeman's ghost, novice DEHW


Innate Abilities, Weirdness & Mutations

You are immune to sickness and miasma.
You are immune to poison.
Your flesh is very heat resistant. (rF++)
You are vulnerable to cold. (rC-)
You float through the air rather than walking.
You learn spells naturally, not from books.
Your magical power is your life essence.
You have superior vitality. (+4 MHP)


Message History

The komodo dragon is lightly wounded.
Unknown command.
Casting: Stone Arrow (safe; 1% risk of failure)
Confirm with . or Enter, or press ? or * to list all spells.
Aiming: Stone Arrow (safe; 1% risk of failure)
Press: ? - help, Shift-Dir - straight line, f/p - komodo dragon
Aim: a komodo dragon (lightly wounded, 84% to hit)
The stone arrow hits the komodo dragon!
The komodo dragon is moderately wounded.
Unknown command.
There's nothing to close nearby.
Casting: Stone Arrow (safe; 1% risk of failure)
Confirm with . or Enter, or press ? or * to list all spells.
Aiming: Stone Arrow (safe; 1% risk of failure)
Press: ? - help, Shift-Dir - straight line, f/p - komodo dragon
Aim: a komodo dragon (moderately wounded, 84% to hit)
The stone arrow hits the komodo dragon!
The komodo dragon is heavily wounded.
Unknown command.
You closely miss the komodo dragon.
The komodo dragon is heavily wounded.
The komodo dragon closely misses you. The komodo dragon bites you!!
You hit the komodo dragon but do no damage.
The komodo dragon is heavily wounded.
The komodo dragon bites you.
You hit the komodo dragon but do no damage.
You drain the komodo dragon.
The komodo dragon is heavily wounded.
The komodo dragon bites you!!
* * * LOW HITPOINT WARNING * * *
Casting: Stone Arrow (safe; 1% risk of failure)
Confirm with . or Enter, or press ? or * to list all spells.
Aiming: Sandblast (safe; 1% risk of failure)
Press: ? - help, Shift-Dir - straight line, f/p - komodo dragon
Aim: a komodo dragon (heavily wounded, lightly drained, 89% to hit)
The blast of sand hits the komodo dragon but does no damage.
The komodo dragon is heavily wounded.
* * * LOW HITPOINT WARNING * * *
The komodo dragon closely misses you. The komodo dragon bites you!!
You die...

§..§....#+ ######.....#..
.......... #...........#....)#..
............#...........#.....#..
............#...........#.....#..
............#...........#.....#..
........... #......... #.....#..
#...###..####'#.....#######'#####
#..........)....l...#.........#
#......8.....8..@...#.........#
#...................#.........#
######..............#.........#
#.....>....######.....#####
+...............#K....#
#...............'.....#
##.8.....8......#.....#
................#.....#
............######.....#..


You could see a komodo dragon (drained).

Vanquished Creatures
  Urug (D:10)
  A gargoyle (D:6)
  Jeremiah (D:6)
  A kobold demonologist (D:10)
  A troll (D:8)
  2 shadows (D:9)
  2 wyverns
  2 yaks (D:10)
  Menkaure (D:4)
  2 acid dragons (D:7)
  A water moccasin (D:7)
  2 orc warriors (D:7)
  2 sky beasts
  An ice beast (D:7)
  An ogre (D:7)
  7 centaurs
  2 phantoms
  6 bullfrogs
  2 scorpions
  2 gnoll sergeants
  5 wights
  8 killer bees
  3 howler monkeys
  3 hounds
  3 jellies
  7 orc priests (D:7)
  2 gnoll boudas
  4 iguanas
  A sleepcap (D:4)
  5 orc wizards
  23 gnolls
  5 adders
  3 shadow imps
  2 ufetubi (D:7)
  3 worms
  4 dart slugs
  26 orcs
  4 ball pythons
  2 bats (D:1)
  7 endoplasms
  2 giant cockroaches
  3 goblins
  8 hobgoblins
  21 jackals
  3 quokkas
  3 frilled lizards
  2 kobolds
  3 rats (D:1)
205 creatures vanquished.

Vanquished Creatures (collateral kills)
  A yak (D:10)
  3 boulders
4 creatures vanquished.

Vanquished Creatures (others)
  A human (D:3)
  2 boulders (D:9)
3 creatures vanquished.

Grand Total: 212 creatures vanquished

Notes
Turn   | Place    | Note
-------+----------+-------------------------------------------
     0 | D:1      | strifetoe the Djinni Earth Elementalist began the quest for
                  | the Orb.
     0 | D:1      | strifetoe set off with the following spells memorised:
                  | Sandblast, Passwall, Stone Arrow, Petrify, Brom's
                  | Barrelling Boulder.
     0 | D:1      | Reached XP level 1. HP: 15/15 MP: 0/0
   224 | D:1      | Reached XP level 2. HP: 21/21 MP: 0/0
   429 | D:1      | Reached XP level 3. HP: 22/25 MP: 0/0
   429 | D:1      | Learned a level 1 spell: Sting
  1031 | D:2      | Found a hide-covered altar of Uskayaw.
  1173 | D:2      | Reached XP level 4. HP: 30/31 MP: 0/0
  1331 | D:2      | Found a faded altar of an unknown god.
  1952 | D:3      | Reached XP level 5. HP: 31/35 MP: 0/0
  1952 | D:3      | Learned a level 2 spell: Scorch
  1990 | D:3      | Found an iron altar of Okawaru.
  2015 | D:3      | Noticed a human
  2018 | D:3      | Killed a human
  2088 | D:3      | Found a shadowy altar of Dithmenos.
  2294 | D:3      | Found Kiyza's One-of-a-Kind Rings.
  2784 | D:4      | Found Bolef's Assorted Antiques.
  2810 | D:4      | Noticed a phantom
  2815 | D:4      | Killed a phantom
  2816 | D:4      | Reached skill level 5 in Spellcasting
  2816 | D:4      | Reached skill level 5 in Conjurations
  2816 | D:4      | Reached skill level 5 in Hexes
  2816 | D:4      | Reached skill level 5 in Summonings
  2816 | D:4      | Reached skill level 5 in Necromancy
  2816 | D:4      | Reached skill level 5 in Translocations
  2816 | D:4      | Reached skill level 5 in Transmutations
  2816 | D:4      | Reached skill level 5 in Fire Magic
  2816 | D:4      | Reached skill level 5 in Ice Magic
  2816 | D:4      | Reached skill level 5 in Air Magic
  2816 | D:4      | Reached skill level 5 in Earth Magic
  2816 | D:4      | Reached skill level 5 in Poison Magic
  2816 | D:4      | Reached XP level 6. HP: 29/40 MP: 0/0
  3216 | D:4      | Found an ornate altar of the Wu Jian Council.
  3285 | D:4      | Found a staircase to the Ecumenical Temple.
  3299 | Temple   | Entered the Ecumenical Temple
  3335 | Temple   | Became a worshipper of Makhleb the Destroyer
  3492 | D:4      | Noticed Menkaure
  3499 | D:4      | Killed Menkaure
  3500 | D:4      | Reached XP level 7. HP: 34/45 MP: 0/0
  3500 | D:4      | Learned a level 2 spell: Poisonous Vapours
  3958 | D:4      | Found an opulent altar of Gozag.
  4220 | D:5      | Entered Level 5 of the Dungeon
  4220 | D:5      | Found a runed translucent gate.
  4220 | D:5      | Found a runed translucent gate.
  4220 | D:5      | Found a runed translucent gate.
  4253 | D:5      | Reached skill level 1 in Fighting
  4253 | D:5      | Reached skill level 1 in Armour
  4670 | D:5      | Reached XP level 8. HP: 28/55 MP: 0/0
  5320 | D:5      | Noticed R007833r's ghost (novice GnSh)
  5488 | D:6      | Reached * piety under Makhleb
  5651 | D:6      | Noticed pokeman's ghost (novice DEHW)
  5655 | D:6      | Found a runed translucent door.
  6111 | D:6      | Noticed a gargoyle
  6118 | D:6      | Killed a gargoyle
  6119 | D:6      | Reached skill level 5 in Dodging
  6119 | D:6      | Reached XP level 9. HP: 8/63 MP: 0/0
  6119 | D:6      | Learned a level 3 spell: Swiftness
  6490 | D:6      | Noticed Jeremiah
  6542 | D:6      | Killed Jeremiah
  6543 | D:6      | Reached skill level 5 in Fighting
  6543 | D:6      | Reached skill level 5 in Armour
  6871 | D:7      | Found a white marble altar of Elyvilon.
  7003 | D:7      | Reached ** piety under Makhleb
  7785 | D:7      | Reached XP level 10. HP: 69/70 MP: 0/0
  8508 | D:8      | Noticed a +0 falchion
  8508 | D:8      | Noticed a +0 short sword
  8508 | D:8      | Noticed a +0 spear
  8509 | D:8      | Noticed a +0 spear
  8509 | D:8      | Noticed a +0 dagger
  8510 | D:8      | Noticed a +0 short sword
  8513 | D:8      | Noticed a +0 falchion
  8514 | D:8      | Noticed a +0 dagger
  8515 | D:8      | Found a hide-covered altar of Uskayaw.
  8602 | D:8      | Identified the +11 dagger "Xecima" {spect, *Corrode rElec
                  | rC+ rN+}
  9475 | D:8      | Found a shimmering altar of Xom.
  9783 | D:9      | Reached *** piety under Makhleb
  9969 | D:9      | Found Hoiti's Jewellery Shoppe.
 10075 | D:9      | Found a glowing silver altar of Zin.
 10122 | D:9      | Found Ixamoiseam's Weapon Shoppe.
 10410 | D:9      | Found Mivacu's Book Boutique.
 10556 | D:9      | Found a hazy altar of Hepliaklqana.
 10631 | D:9      | Reached skill level 10 in Spellcasting
 10631 | D:9      | Reached skill level 10 in Conjurations
 10631 | D:9      | Reached skill level 10 in Hexes
 10631 | D:9      | Reached skill level 10 in Summonings
 10631 | D:9      | Reached skill level 10 in Necromancy
 10631 | D:9      | Reached skill level 10 in Translocations
 10631 | D:9      | Reached skill level 10 in Transmutations
 10631 | D:9      | Reached skill level 10 in Fire Magic
 10631 | D:9      | Reached skill level 10 in Ice Magic
 10631 | D:9      | Reached skill level 10 in Air Magic
 10631 | D:9      | Reached skill level 10 in Earth Magic
 10631 | D:9      | Reached skill level 10 in Poison Magic
 11050 | D:10     | Entered Level 10 of the Dungeon
 11068 | D:10     | Noticed Urug
 11077 | D:10     | Killed Urug
 11078 | D:10     | Reached XP level 11. HP: 26/75 MP: 0/0
 11078 | D:10     | Learned a level 4 spell: Summon Ice Beast
 11527 | D:10     | Found a snail-covered altar of Cheibriados.
 11582 | D:10     | Mangled by a komodo dragon

Illustrated notes

Levels and vault maps discovered:
D:1:      onia_arrival_handbag, layout_basic, supply_closet_lemuel
D:2:      layout_basic, hellmonk_ecumenical_altar_pennies_from_heaven,
          basic_altar, small_statue_intersection
D:3:      wander_river, layout_basic, overflow_temple_1_default,
          tgw_kikubaaqudgha, general_overflow_altar, nicolae_shop_unique_rings,
          guppyfry_early_lair_pool
D:4:      layout_basic, nicolae_wu_jian_immortal_techniques,
          mainiacjoe_overflow_alcove_2, minmay_temple_entry_waves, serial_shops,
          shop, abandoned_shop, uniq_menkaure
D:5:      layout_cave_pods, gammafunk_ghost_nasty_kobolds
D:6:      layout_basic, hellmonk_ghost_happy_afterlife, uniq_jeremiah
D:7:      wad_guarded_room, layout_loops_ring, mainiacjoe_overflow_tiny_flanked
D:8:      layout_basic, lemuel_coloured_pillars_altar,
          nicolae_uskayaw_en_pointe, tgw_sif
D:9:      layout_basic, mainiacjoe_overflow_cross_hatched,
          nicolae_overflow_crystal_walls, worldfamousw_hep_ancestral_shrine,
          serial_shops, kennysheep_little_box, shop,
          nicolae_shop_tiny_waterfront, kennysheep_generic_room_3
D:10:     layout_grid_maze, mainiacjoe_overflow_concentric_impassable,
          lair_entry_dummy, orc_0_dummy, grunt_ministairs_1, st_stairs_1,
          uniq_urug
Temple:   kb_temple_of_zot

Skill      XL: |  1  2  3  4  5  6  7  8  9 10 |
---------------+-------------------------------+-----
Spellcasting   | 4 5 6 7 10 | 10.9
Conjurations   | 4 5 6 7 10 | 10.9
Hexes          | 4 5 6 7 10 | 10.9
Summonings     | 4 5 6 7 10 | 10.9
Necromancy     | 4 5 6 7 10 | 10.9
Translocations | 4 5 6 7 10 | 10.9
Transmutations | 4 5 6 7 10 | 10.9
Fire Magic     | 4 5 6 7 10 | 10.9
Ice Magic      | 4 5 6 7 10 | 10.9
Air Magic      | 4 5 6 7 10 | 10.9
Earth Magic    | 4 5 6 7 10 | 10.9
Poison Magic   | 4 5 6 7 10 | 10.9
Fighting       | 2 4 5 |  5.0
Armour         | 2 4 5 |  5.0
Dodging        | 3 5 6 |  6.0
Stealth        | |  1.5

Action                     |  1- 3 |  4- 6 |  7- 9 | 10-12 || total
---------------------------+-------+-------+-------+-------++-------
  Melee: Unarmed           |     1 |     2 |       |       ||     3
         Short sword       |       |     1 |       |       ||     1
         Trident           |       |       |    13 |    25 ||    38
         Punch             |       |       |       |     2 ||     2
   Cast: Sandblast         |    44 |    83 |   109 |    56 ||   292
         Stone Arrow       |       |       |    19 |    26 ||    45
         Scorch            |       |       |     2 |    11 ||    13
         Poisonous Vapours |       |       |    12 |    13 ||    25
         Brom's Barrelling |       |       |       |     6 ||     6
         Swiftness         |       |       |       |     1 ||     1
         Summon Ice Beast  |       |       |       |     1 ||     1
  Evoke: Wand              |       |       |     3 |       ||     3
    Use: Scroll            |       |    11 |     7 |     3 ||    21
         Potion            |       |       |     5 |     4 ||     9
 Armour: Robe              |    13 |    42 |    53 |    64 ||   172
         Skin              |       |       |    72 |    57 ||   129
  Dodge: Dodged            |    11 |    37 |    79 |    70 ||   197

Table legend: (Time is in decaauts)
 A = Elapsed time spent in this place.
 B = Non-inter-level travel time spent in this place.
 C = Inter-level travel time spent in this place.
 D = Time resting spent in this place.
 E = Time spent auto-exploring this place.
 F = Levels seen in this place.
 G = Mean time per level.
                   A        B        C        D        E       F      G
               +--------+--------+--------+--------+--------+-----+--------+
         Total |  11742 |  11252 |    490 |   3375 |   6451 |  11 | 1067.5 |
       Dungeon |  11676 |  11216 |    460 |   3375 |   6451 |  10 | 1167.6 |
        Temple |     66 |     36 |     30 |      0 |      0 |   1 |   66.0 |
               +--------+--------+--------+--------+--------+-----+--------+

Top non-repeatable levels by time:
     D:4: 1688 daAuts
     D:5: 1557 daAuts
     D:7: 1526 daAuts
     D:9: 1444 daAuts
     D:6: 1276 daAuts
     D:8: 1117 daAuts
     D:1: 927 daAuts
     D:2: 886 daAuts
     D:3: 716 daAuts
    D:10: 535 daAuts
  Temple: 66 daAuts
